 Dungeon Crawl Stone Soup version 0.19.0-2-gae57169 (webtiles) character file.

5441 AAAAA the Fiendish (level 10, 0/66 HPs)
             Began as an Octopode Warper on Nov 5, 2016.
             Was a Priest of Makhleb.
             Killed from afar by a manticore (11 damage)
             ... with a volley of spikes
             ... on level 9 of the Dungeon.
             The game lasted 00:40:15 (11728 turns).

AAAAA the Fiendish (Octopode Warper)               Turns: 11728, Time: 00:40:45

Health: 0/66       AC:  1    Str: 10    XL:     10   Next: 68%
Magic:  17/19      EV: 16    Int: 17    God:    Makhleb [***...]
Gold:   442        SH:  0    Dex: 14    Spells: 1 memorised, 11 levels left

rFire  . . .     SeeInvis .     C - +7 halberd of Suiryqusch {distort, rN+ Int-2 Dex+2}
rCold  . . .     Gourm    .     (shield currently unavailable)
rNeg   + . .     Faith    .     (helmet restricted)
rPois  .         Spirit   .     (no amulet)
rElec  .         Reflect  .     B - ring of stealth
rCorr  .         Harm     .     (no ring)
MR     .....                    (no ring)
Stlth  +++++.....               (no ring)
                                (no ring)
                                (no ring)
                                (no ring)
                                (no ring)

@: barbed spikes
A: almost no armour, stealthy swim, amphibious, 8 rings, constrict 8, camouflage
1, gelatinous body 1
a: Minor Destruction, Lesser Servant of Makhleb, Renounce Religion


You were on level 9 of the Dungeon.
You worshipped Makhleb.
Makhleb was most pleased with you.
You were hungry.

You visited 2 branches of the dungeon, and saw 10 of its levels.
You also visited: Ossuary.

You collected 442 gold pieces.

Inventory:

Hand Weapons
 C - the +7 halberd of Suiryqusch (weapon) {distort, rN+ Int-2 Dex+2}
   (You found it on level 8 of the Dungeon)

   It warps and distorts space around it.
   Unwielding it can cause banishment or high damage.
   It affects your intelligence (-2).
   It affects your dexterity (+2).
   It protects you from negative energy.
 E - a +2 dagger of venom
Missiles
 c - 4 tomahawks of dispersal
 f - 189 stones (quivered)
 p - 4 tomahawks of returning
 O - 46 poisoned needles
Armour
 o - a +0 shield
Jewellery
 B - a ring of stealth (left tentacle)
 F - an uncursed ring of ice
Wands
 v - a wand of disintegration (0/24)
 x - a wand of slowing (14/48)
 y - a wand of enslavement (3/24)
 H - a wand of lightning (5/15)
 J - a wand of iceblast (8/15)
 U - a wand of confusion (21/48)
Scrolls
 b - 2 scrolls of blinking
 e - a scroll of noise
 g - 3 scrolls of remove curse
 i - a scroll of identify
 j - 3 scrolls of enchant armour
 m - a scroll of fog
 r - 5 scrolls of immolation
 s - a scroll of amnesia
 G - a scroll of recharging
 P - a scroll of vulnerability {unknown}
 R - a scroll of magic mapping {unknown}
 V - a scroll of teleportation
 W - a scroll of enchant weapon {unknown}
Potions
 h - 2 potions of flight
 l - a potion of cancellation {unknown}
 n - 2 potions of magic {unknown}
 w - a potion of cure mutation {unknown}
 z - a potion of haste
 A - a potion of heal wounds
 D - a potion of resistance {unknown}
 I - 3 potions of ambrosia
 L - a potion of brilliance {unknown}
 N - a potion of agility
 Q - 3 potions of lignification {unknown}
 S - a potion of mutation {unknown}
Books
 a - a book of Spatial Translocations

   Spells                             Type                      Level
   a - Blink                          Translocation                2
   b - Shroud of Golubria             Charms/Translocation         2
   c - Lesser Beckoning               Translocation                3
   d - Portal Projectile              Translocation                3
   e - Teleport Other                 Translocation                3
   f - Passage of Golubria            Translocation                4
 q - a book of Callings

   Spells                             Type                      Level
   a - Summon Small Mammal            Summoning                    1
   b - Call Imp                       Summoning                    2
   c - Call Canine Familiar           Summoning                    3
   d - Summon Guardian Golem          Hexes/Summoning              3
   e - Summon Lightning Spire         Summoning/Air                4
   f - Summon Ice Beast               Ice/Summoning                4
 u - a book of Cantrips

   Spells                             Type                      Level
   a - Confusing Touch                Hexes                        1
   b - Animate Skeleton               Necromancy                   1
   c - Summon Small Mammal            Summoning                    1
   d - Apportation                    Translocation                1
Comestibles
 d - 6 bread rations
 k - 5 chunks of flesh
 t - 3 meat rations
 M - 5 fruits
 T - a royal jelly


   Skills:
 - Level 5.0 Fighting
 - Level 1.0 Throwing
 - Level 5.4 Dodging
 - Level 5.1 Stealth
 - Level 7.3 Unarmed Combat
 - Level 2.0 Spellcasting
 - Level 3.0 Translocations
 + Level 12.2 Invocations


You had 11 spell levels left.
You knew the following spells:

 Your Spells              Type           Power        Failure   Level  Hunger
a - Blink                 Tloc           N/A          10%         2    ###....


Dungeon Overview and Level Annotations

Branches:
Dungeon (9/15)             Temple (1/1) D:7
   Lair: D:8-11         Orc: D:9-12

Altars:
Fedhas
Makhleb
Okawaru
Uskayaw
Yredelemnul
The Shining One

Annotations:
D:2 Terence
D:5 Dowan, Duvessa


Innate Abilities, Weirdness & Mutations

You cannot wear most types of armour.
You are very stealthy in the water. (Stealth+)
You are amphibious.
You can wear up to eight rings at the same time.
You can use your tentacles to constrict eight enemies at once.
Your skin changes colour to match your surroundings (Stealth+).
Your rubbery body absorbs attacks. (AC +1, EV +1)


Message History

Press: ? - help, Shift-Dir - straight line, f/p - hippogriff
Aim: a hippogriff (severely wounded)
The zap hits the hippogriff.
The hippogriff is almost dead.
Press: ? - help, Shift-Dir - straight line, f/p - hippogriff
Aim: a hippogriff (almost dead)
The stone arrow misses the hippogriff.
Press: ? - help, Shift-Dir - straight line, f/p - hippogriff
Aim: a hippogriff (almost dead)
The puff of flame hits the hippogriff.
The hippogriff is almost dead.
The hippogriff barely misses you. The hippogriff closely misses you. x2
Casting: Blink
Confirm with . or Enter, or press ? or * to list all spells.
You blink.
A manticore comes into view.
The manticore flicks its tail.
The volley of spikes hits you!
The barbed spikes become lodged in your body.
You die...

... ... #..##..##
#..H....#######
..........#...#
.....$.......
#........... #..........
....###..@.......
....#.##.........
#...#.##........#
#...#.##.#.......
#...#............
#...#..H.........
########...#.ยง........>.
)..........#####.#######
...........#####.#


You could see a manticore and a hippogriff.

Vanquished Creatures
  The ghost of Patchouli the Thaumaturge, a novice DEFE of Sif Muna (D:8)
  Pikel (D:6)
  A troll (D:5)
  2 hippogriffs (D:8)
  A wyvern (D:8)
  Menkaure (D:6)
  4 ogres
  Edmund (D:6)
  A water moccasin (D:5)
  4 ice beasts
  A sky beast (D:5)
  A slave (D:6)
  2 centaurs (D:6)
  4 bullfrogs
  A wyvern zombie (D:7)
  A water moccasin skeleton (D:8)
  4 crimson imps
  2 bullfrog zombies
  2 quasits
  3 orc priests
  A centaur skeleton (D:7)
  5 hounds
  A jelly (D:7)
  9 orc wizards
  2 iguanas
  5 worker ants
  4 mummies (Ossuary)
  A hound skeleton (D:6)
  4 gnolls (D:5)
  12 adders
  A shadow imp (D:5)
  2 oozes
  A worm (D:3)
  An adder skeleton (D:6)
  5 leopard geckos
  29 orcs
  2 ball pythons
  8 bats
  8 giant cockroaches
  A gnoll zombie (Ossuary)
  11 goblins
  10 hobgoblins
  9 kobolds
  3 quokkas
  8 frilled lizards
  4 goblin zombies (Ossuary)
  A hobgoblin zombie (Ossuary)
  A jackal skeleton (D:4)
  A jackal zombie (D:4)
  A kobold zombie (Ossuary)
  An orc zombie (Ossuary)
  6 rats
196 creatures vanquished.

Vanquished Creatures (collateral kills)
  A hill giant (D:8)
  A human (D:4)
  A sky beast (D:9)
  An ogre (D:8)
  A bullfrog (D:8)
  5 killer bees (D:8)
  A hound (D:8)
  A hound zombie (D:8)
  An adder (D:8)
  A leopard gecko (D:8)
14 creatures vanquished.

Vanquished Creatures (others)
  2 slaves (D:6)
  7 fungi (D:8)
  A plant (D:8)
10 creatures vanquished.

Grand Total: 220 creatures vanquished

Notes
Turn   | Place    | Note
-------+----------+-------------------------------------------
     0 | D:1      | AAAAA the Octopode Warper began the quest for the Orb.
     0 | D:1      | Reached XP level 1. HP: 14/14 MP: 3/3
   162 | D:1      | Reached skill level 1 in Stealth
   709 | D:1      | Reached XP level 2. HP: 19/19 MP: 5/5
  1100 | D:2      | Reached XP level 3. HP: 20/24 MP: 6/6
  1209 | D:2      | Noticed Terence
  2034 | D:1      | Reached skill level 5 in Stealth
  2083 | D:3      | Reached XP level 4. HP: 25/29 MP: 7/7
  2562 | D:3      | Reached XP level 5. HP: 26/36 MP: 8/8
  2883 | D:3      | Found an iron altar of Okawaru.
  3552 | D:3      | Found a faded altar of an unknown god.
  3560 | D:3      | Became a worshipper of Makhleb the Destroyer
  3560 | D:3      | Reached * piety under Makhleb
  3612 | D:3      | Found a glowing golden altar of the Shining One.
  3820 | D:3      | Reached skill level 5 in Fighting
  3820 | D:3      | Reached XP level 6. HP: 21/45 MP: 9/9
  4429 | D:4      | Noticed a human
  4430 | D:4      | Found a runed door.
  4444 | D:4      | Found a basalt altar of Yredelemnul.
  4518 | D:4      | Killed a human
  4742 | D:4      | Killed an ogre
  4742 | D:4      | Reached XP level 7. HP: 50/50 MP: 10/10
  5051 | D:5      | Entered Level 5 of the Dungeon
  5341 | D:5      | Noticed Duvessa
  5343 | D:5      | Noticed Dowan
  5580 | D:5      | Reached skill level 5 in Unarmed Combat
  6091 | D:5      | Reached ** piety under Makhleb
  6331 | D:5      | Noticed a troll
  6413 | D:4      | Reached XP level 8. HP: 52/55 MP: 11/11
  6513 | D:5      | Learned a level 2 spell: Blink
  6798 | D:6      | Noticed Menkaure
  7404 | D:6      | Noticed Pikel
  7434 | D:6      | Reached skill level 1 in Invocations
  7500 | D:6      | Noticed Edmund
  7515 | D:6      | Killed Edmund
  7515 | D:6      | Reached skill level 2 in Invocations
  7582 | D:6      | Reached skill level 3 in Invocations
  7701 | D:6      | Reached skill level 4 in Invocations
  7811 | D:6      | Killed Menkaure
  7811 | D:6      | Reached skill level 5 in Invocations
  7975 | D:5      | Reached skill level 6 in Invocations
  8061 | D:6      | Killed Pikel
  8061 | D:6      | Reached skill level 8 in Invocations
  8061 | D:6      | Reached XP level 9. HP: 47/61 MP: 12/15
  8468 | D:5      | Killed a troll
  8468 | D:5      | Reached skill level 9 in Invocations
  8480 | D:5      | Reached *** piety under Makhleb
  8744 | D:6      | Reached skill level 10 in Invocations
  8985 | D:7      | Found a faded altar of an unknown god.
  8985 | D:7      | Found a faded altar of an unknown god.
  8992 | D:7      | Found a hide-covered altar of Uskayaw.
  8994 | D:7      | Found a faded altar of an unknown god.
  8995 | D:7      | Found a faded altar of an unknown god.
  9129 | D:7      | Found a staircase to the Ecumenical Temple.
  9141 | Temple   | Entered the Ecumenical Temple
  9390 | D:8      | Found a sand-covered staircase.
  9396 | D:8      | Noticed Patchouli's ghost (novice DEFE)
  9397 | Ossuary  | Entered an ossuary
  9451 | Ossuary  | Reached XP level 10. HP: 63/66 MP: 17/17
  9734 | D:8      | Reached skill level 5 in Dodging
 10246 | D:8      | Killed Patchouli's ghost
 10317 | D:8      | Reached skill level 11 in Invocations
 10558 | D:8      | Got a sapphire halberd
 10559 | D:8      | Identified the +7 halberd of Suiryqusch {distort, rN+ Int-2 Dex+2} (You found it on level 8 of the Dungeon)
 10585 | D:8      | Noticed a hill giant
 10627 | D:8      | Killed a hill giant
 10900 | D:8      | Found a blossoming altar of Fedhas.
 11514 | D:8      | Reached skill level 12 in Invocations
 11634 | D:9      | HP: 1/66 [something (6)]
 11728 | D:9      | Noticed a manticore
 11728 | D:9      | Killed from afar by a manticore

Skill      XL: |  1  2  3  4  5  6  7  8  9 10 |
---------------+-------------------------------+-----
Stealth        | 2 3 5 |  5.1
Fighting       | 3 5 |  5.0
Unarmed Combat | 4 6 7 |  7.3
Invocations    | 8 10 12 | 12.2
Dodging        | 4 5 |  5.4
Throwing       | |  1.0
Spellcasting   | |  2.0
Translocations | |  3.0

Action                   |  1- 3 |  4- 6 |  7- 9 | 10-12 || total
-------------------------+-------+-------+-------+-------++-------
Melee: Unarmed           |   106 |   151 |   209 |    34 ||   500
       Constrict         |    34 |    46 |    40 |    13 ||   133
       Tentacles         |    13 |    29 |    38 |     4 ||    84
       Punch             |       |     1 |     6 |     2 ||     9
       Halberd           |       |       |       |    22 ||    22
Throw: Stone             |    43 |    30 |     7 |       ||    80
       Tomahawk          |     1 |       |       |       ||     1
 Cast: Blink             |       |       |     6 |    14 ||    20
Invok: Minor Destruction |       |       |    80 |    73 ||   153
       Lesser Servant of |       |       |       |     8 ||     8
Evoke: Wand              |       |     8 |     9 |       ||    17
  Use: Potion            |       |     1 |     4 |     3 ||     8
       Scroll            |       |       |     4 |    11 ||    15
 Stab: Sleeping          |     2 |     4 |     7 |     8 ||    21
       Distracted        |       |       |     2 |     1 ||     3
  Eat: Chunk             |     4 |     8 |    11 |     7 ||    30
       Pizza             |       |       |     1 |       ||     1
       Fruit             |       |       |     2 |       ||     2
       Beef jerky        |       |       |     1 |       ||     1
Armor: Skin              |    15 |     7 |    14 |     1 ||    37
Dodge: Dodged            |    82 |    83 |   124 |    59 ||   348
